 Dungeon Crawl Stone Soup version 0.28.0-53-g5a82cb258f (webtiles) character file.

Game seed: 7608444184389455843

8012 pkoi the Martial Artist (level 10, -10/83 HPs)
             Began as a Demigod Gladiator on May 24, 2022.
             Shot with an arrow by a centaur warrior (13 damage)
             ... on level 10 of the Dungeon on May 25, 2022.
             The game lasted 00:32:08 (17242 turns).

pkoi the Martial Artist (Demigod Gladiator)        Turns: 17242, Time: 00:32:09

Health: -10/83     AC:  8    Str: 14 (15) XL:     10   Next: 75%
Magic:  0/17       EV: 12    Int: 25      God:
Gold:   104        SH:  0    Dex: 12 (13) Spells: 5/15 levels left

rFire   + + .      SeeInvis +   b - +1 hunting sling (flame)
rCold   + . .      Faith    .   (no shield)
rNeg    + . .      Spirit   +   g - +1 leather armour of Mydie {Int+3 Stlth+}
rPois   .          Reflect  .   v - +0 helmet
rElec   .          Harm     .   E - scarf {rC+ rF+}
rCorr   .          Rampage  .   q - +1 pair of gloves
Will    ++...                   (no boots)
Stlth   ++++......              r - amulet of guardian spirit
HPRegen 0.23/turn               y - ring "Xexifep" {rF+ rN+ Dex-2 SInv}
MPRegen 0.15/turn               f - ring of willpower

@: studying Transmutations
A: high MP 1, forlorn, divine attributes
a: no special abilities


You were on level 10 of the Dungeon.
You visited 1 branch of the dungeon, and saw 10 of its levels.

You collected 512 gold pieces.
You spent 408 gold pieces at shops.

Inventory:

Hand Weapons
 a - the +8 whip of Valour {freeze, rElec rN++ Dex-4}
   (You found it on level 2 of the Dungeon)

   It freezes those it strikes, dealing additional cold damage.
   It can also slow down cold-blooded creatures.
   Dex:       It affects your dexterity (-4).
   rElec:     It insulates you from electricity.
   rN:        It greatly protects you from negative energy.
 b - a +1 hunting sling of flaming (weapon)
 j - a +1 dagger of speed
 A - a +1 dagger of venom
 C - a +3 mace of venom
 H - a +3 whip of venom
Missiles
 c - 4 throwing nets
 s - 29 poisoned darts
 w - 300 stones (quivered ammo)
Armour
 g - the +1 leather armour of Mydie (worn) {Int+3 Stlth+}
   (You found it on level 9 of the Dungeon)

   Int:       It affects your intelligence (+3).
   Stlth:     It makes you more stealthy.
 i - a +0 cloak
 l - a +0 leather armour
 q - a +1 pair of gloves (worn)
 t - a +0 chain mail
 u - a +0 troll leather armour {Pargi}
 v - a +0 helmet (worn)
 z - a +2 cloak
 E - a scarf of resistance (worn)
Magical Staves
 m - a staff of earth
Jewellery
 d - a +6 ring of strength
 f - a ring of willpower (right hand)
 r - an amulet of guardian spirit (around neck)
 y - the ring "Xexifep" (left hand) {rF+ rN+ Dex-2 SInv}
   (You found it on level 4 of the Dungeon)

   [ring of see invisible]

   Dex:       It affects your dexterity (-2).
   rF:        It protects you from fire.
   rN:        It protects you from negative energy.
   SInv:      It lets you see invisible.
 D - a ring of positive energy
Wands
 B - a wand of flame (19)
Scrolls
 h - a scroll of enchant armour
 o - 2 scrolls of teleportation
 J - a scroll of magic mapping
Potions
 e - a potion of might
 k - 2 potions of brilliance
 p - 2 potions of resistance
 G - a potion of invisibility


   Skills:
 - Level 6.0 Fighting
 - Level 1.7 Throwing
 + Level 5.2 Armour
 - Level 2.6 Dodging
 - Level 6.0 Stealth
 * Level 9.3 Unarmed Combat
 - Level 3.0 Spellcasting
 - Level 4.0 Conjurations
 - Level 4.0 Hexes
 + Level 3.7 Transmutations
 - Level 3.0 Fire Magic
 + Level 2.5 Ice Magic


You had 5 spell levels left.
You knew the following spells:

 Your Spells              Type           Power      Damage    Failure   Level
a - Dazzling Flash        Conj/Hex       46%        N/A       7%          3
b - Inner Flame           Hex/Fire       21%        N/A       9%          3
c - Ice Form              Ice/Tmut       19%        N/A       34%         4

Your spell library contained the following spells:

 Spells                   Type           Power      Damage    Failure   Level
 Beastly Appendage        Tmut           44%        N/A       2%          1
 Corpse Rot               Necr/Air       6%         N/A       19%         2
 Cause Fear               Hex            11%        N/A       24%         4
 Sticky Flame             Conj/Fire      21%        2d4       28%         4
 Hailstorm                Conj/Ice       20%        3d6       32%         4
 Petrify                  Tmut/Erth      13%        N/A       50%         4
 Blade Hands              Tmut           11%        N/A       58%         5
 Dispel Undead            Necr           3%         3d7       77%         4
 Silence                  Hex/Air        6%         N/A       83%         5
 Summon Mana Viper        Hex/Summ       13%        N/A       83%         5
 Alistair's Intoxication  Tmut/Pois      8%         N/A       85%         5
 Agony                    Necr           3%         N/A       98%         5
 Summon Forest            Summ/Tloc      1%         N/A       98%         5
 Death Channel            Necr           1%         N/A       100%        6
 Simulacrum               Ice/Necr       5%         N/A       100%        6
 Summon Cactus Giant      Summ           1%         N/A       100%        6
 Storm Form               Tmut/Air       6%         N/A       100%        7
 Discord                  Hex            11%        N/A       100%        8
 Fire Storm               Conj/Fire      10%        8d3       100%        9


Dungeon Overview and Level Annotations

Branches:
Dungeon (10/15)            Temple (0/1) D:5
   Lair: D:8-11         Orc: D:9-12

Shops:
D:4 :

Annotations:
D:8 1 runed translucent door


Innate Abilities, Weirdness & Mutations

You have an increased reservoir of magic. (+10% MP)
You shall have no god before yourself.
Your divine heritage dramatically boosts your attributes as you level up.


Message History

Aiming: Inner Flame (dangerous; 9% risk of failure)
Press: ? - help, Dir - move target, f - centaur warrior
Aim: a centaur warrior, wielding a +0 shortbow and quivering arrows (chance to affect: 61%)
The centaur warrior is filled with an inner flame.
The centaur warrior shoots an arrow.
The arrow hits you!!
* * * LOW HITPOINT WARNING * * *
The +8 whip of Valour {freeze, rElec rN++ Dex-4} stops glowing.
Your +1 hunting sling of flaming bursts into flame!
b - a +1 hunting sling of flaming (weapon)
The centaur warrior shoots an arrow.
The arrow hits you!
* * * LOW HITPOINT WARNING * * *
Fire: 303 stones
Press: ? - help, Q - select action, (/) - cycle Shift-Dir - straight line, f/p - centaur warrior
Aim: a centaur warrior, wielding a +0 shortbow and quivering arrows (inner flame, 69% to hit)
You shoot a stone.
The stone closely misses the centaur warrior.
The centaur warrior shoots an arrow.
The arrow hits you!
* * * LOW HITPOINT WARNING * * *
The centaur warrior shoots an arrow.
The arrow hits you!!
* * * LOW HITPOINT WARNING * * *
Fire: 302 stones
Press: ? - help, Q - select action, (/) - cycle Shift-Dir - straight line, f/p - centaur warrior
Aim: a centaur warrior, wielding a +0 shortbow and quivering arrows (inner flame, 69% to hit)
You shoot a stone.
The stone hits the centaur warrior but does no damage.
Fire: 301 stones
Press: ? - help, Q - select action, (/) - cycle Shift-Dir - straight line, f/p - centaur warrior
Aim: a centaur warrior, wielding a +0 shortbow and quivering arrows (inner flame, 69% to hit)
You shoot a stone. The stone hits the centaur warrior.
Flame seeps out of the centaur warrior.
The stone burns the centaur warrior.
Flame seeps out of the centaur warrior.
The centaur warrior is lightly wounded.
The centaur warrior is engulfed in blazing flames.
Flame seeps out of the centaur warrior.
The centaur warrior shoots an arrow.
The arrow hits you!
* * * LOW HITPOINT WARNING * * *
The centaur warrior is engulfed in blazing flames.
Flame seeps out of the centaur warrior.
The centaur warrior shoots an arrow.
The arrow hits you!
You die...

### ##..### ........
#.....### .......
#.....#.#.### #......
##..........# .#......
#.....####..##.# .....
##...<# ##.....# #....
####)###.....####....
##.@.......###......
#............#......
#....................
#........(...........
#........o............
#.....c................
##....(................
##...(..###...........
###.....#............


You could see a centaur warrior (inner flame) and an orc warrior.

Vanquished Creatures
  A two-headed ogre (D:9)
  Pikel (D:4)
  2 cyclopes
  2 wyverns
  10 yaks
  Pargi (D:3)
  2 sky beasts
  Duvessa (D:4)
  5 orc warriors
  3 ice beasts
  4 ogres
  2 centaurs
  A necrophage (D:7)
  3 kobold brigands
  5 bullfrogs
  A wyvern zombie (D:5)
  3 scorpions
  A water moccasin zombie (D:6)
  A water moccasin skeleton (D:7)
  Dowan (D:4)
  10 killer bees
  4 wights (D:9)
  A howler monkey (D:9)
  4 centaur zombies
  A hound (D:6)
  3 jellies
  Crazy Yiuf (D:5)
  4 orc priests
  A bullfrog skeleton (D:5)
  A gnoll shaman (D:7)
  4 iguanas
  9 orc wizards
  2 hound skeletons
  13 gnolls
  8 adders
  A howler monkey skeleton (D:7)
  A shadow imp (D:6)
  4 white imps
  An adder skeleton (D:4)
  A worm (D:2)
  A dart slug (D:4)
  42 orcs
  8 endoplasms
  2 giant cockroaches
  9 goblins
  8 hobgoblins
  4 quokkas
  9 ball pythons
  7 bats
  A goblin zombie (D:8)
  A jackal skeleton (D:8)
  A jackal zombie (D:8)
  15 kobolds
  11 rats
243 creatures vanquished.

Notes
Turn   | Place    | Note
-------+----------+-------------------------------------------
     0 | D:1      | pkoi the Demigod Gladiator began the quest for the Orb.
     0 | D:1      | Reached XP level 1. HP: 17/17 MP: 3/3
    55 | D:1      | Reached skill level 3 in Unarmed Combat
   832 | D:1      | Reached XP level 2. HP: 24/24 MP: 4/4
  1924 | D:2      | Identified the +8 whip of Valour {freeze, rElec rN++ Dex-4}
  1968 | D:2      | Reached XP level 3. HP: 29/29 MP: 5/5
  2326 | D:2      | Reached skill level 1 in Stealth
  3014 | D:3      | Reached XP level 4. HP: 22/37 MP: 4/6
  3269 | D:3      | Reached skill level 4 in Unarmed Combat
  3961 | D:3      | Noticed Pargi
  3976 | D:3      | Killed Pargi
  3977 | D:3      | Reached XP level 5. HP: 32/45 MP: 3/7
  5053 | D:4      | Reached XP level 6. HP: 51/51 MP: 8/8
  5055 | D:4      | Reached skill level 5 in Unarmed Combat
  5061 | D:4      | Learned a level 3 spell: Dazzling Flash
  5086 | D:4      | Identified the ring "Xexifep" {rF+ rN+ Dex-2 SInv}
  5163 | D:4      | Reached skill level 1 in Armour
  5524 | D:4      | Noticed Pikel
  5552 | D:4      | Killed Pikel
  5553 | D:4      | Reached skill level 1 in Spellcasting
  5553 | D:4      | Reached skill level 1 in Conjurations
  5553 | D:4      | Reached skill level 1 in Hexes
  5553 | D:4      | Reached XP level 7. HP: 15/58 MP: 1/11
  5739 | D:4      | Found Luagimi's Book Emporium.
  6065 | D:4      | Noticed Duvessa
  6065 | D:4      | Noticed Dowan
  6084 | D:4      | Killed Duvessa
  6085 | D:4      | Reached skill level 6 in Unarmed Combat
  6097 | D:4      | Killed Dowan
  6098 | D:4      | Reached XP level 8. HP: 59/66 MP: 9/13
  6198 | D:5      | Entered Level 5 of the Dungeon
  6743 | D:5      | Found a staircase to the Ecumenical Temple.
  7230 | D:5      | Found a runed translucent door.
  7231 | D:5      | Noticed Crazy Yiuf
  7557 | D:5      | Killed Crazy Yiuf
  8109 | D:6      | Reached skill level 7 in Unarmed Combat
  8204 | D:6      | Reached XP level 9. HP: 54/72 MP: 9/16
  8686 | D:6      | Reached skill level 5 in Fighting
  8942 | D:6      | Reached skill level 5 in Stealth
  9568 | D:7      | Learned a level 3 spell: Inner Flame
  9610 | D:7      | Noticed a cyclops
 10187 | D:8      | Reached skill level 1 in Fire Magic
 10267 | D:7      | Killed a cyclops
 10268 | D:7      | Reached skill level 8 in Unarmed Combat
 11768 | D:7      | Reached XP level 10. HP: 69/82 MP: 3/17
 11978 | D:8      | Found a runed translucent door.
 12306 | D:4      | Bought a book of the Tundra for 408 gold pieces
 12311 | D:4      | Learned a level 4 spell: Ice Form
 12587 | D:8      | Reached skill level 1 in Transmutations
 13223 | D:9      | Reached skill level 1 in Ice Magic
 14189 | D:9      | Noticed a tengu warrior
 14538 | D:9      | Identified the +1 leather armour of Mydie {Int+3 Stlth+}
 14588 | D:9      | Identified a scroll of acquirement
 14588 | D:9      | Acquired the Handbook of Blistering Shape Shifting
 14605 | D:9      | Noticed a cyclops
 14612 | D:9      | Killed a cyclops
 14712 | D:9      | Reached skill level 9 in Unarmed Combat
 14792 | D:9      | Reached skill level 5 in Armour
 15782 | D:10     | Entered Level 10 of the Dungeon
 15819 | D:10     | Noticed a two-headed ogre
 16053 | D:10     | Noticed a centaur warrior
 16994 | D:9      | Killed a two-headed ogre
 17242 | D:10     | HP: 3/83 [centaur warrior/arrow (9)]
 17242 | D:10     | Shot with an arrow by a centaur warrior

Illustrated notes

Levels and vault maps discovered:
D:1:      moated_graveyard_arrival, layout_basic
D:2:      minmay_razor_zed, layout_loops_corners, serial_rivers,
          chequers_serial_rivers_large_a, chequers_serial_rivers_micro_b,
          chequers_serial_rivers_micro_a, chequers_serial_rivers_small_a,
          chequers_serial_rivers_marsh
D:3:      layout_rooms, trog_hazing_becter, serial_co_window_serial,
          co_window_paths_a, co_window_corner_a, co_window_corner_a,
          co_window_corner_a, co_window_paths_b, co_window_corner_a,
          co_window_corner_cb, co_window_unsneaky_path_a, co_window_corner_b,
          co_window_cross_2, co_window_of_opportunity_b, co_window_broadway_a,
          co_window_of_opportunity_b, uniq_pargi
D:4:      minmay_bubble_buster, layout_gridville, serial_shops,
          nicolae_shop_advertising_works [nicolae_subvault_shop_adworks],
          minmay_statues_item, uniq_pikel, uniq_duvessa
D:5:      layout_cave_pools, mainiacjoe_overflow_alcove_4, grunt_gozag_statues,
          minmay_temple_entry_slanted, uniq_crazy_yiuf_cottage
D:6:      layout_loops_ring, nicolae_dithmenos_shadow_blocks, lemuel_round_altar
D:7:      layout_basic, led_sif_pool
D:8:      layout_basic, dk_yredelemnul_ordeal, hangedman_abyss_or_decor_stagger,
          minivault_24
D:9:      layout_loops_cross, mainiacjoe_overflow_small_starburst,
          hellmonk_guarded_unrand_lears
D:10:     layout_cave_pools, david_orc_4, minmay_pinched_square

Skill      XL: |  1  2  3  4  5  6  7  8  9 10 |
---------------+-------------------------------+-----
Unarmed Combat | 3 4 5 6 7 8 9 |  9.3
Fighting       | 2 3 4 5 6 |  6.0
Stealth        | 1 2 3 4 5 6 |  6.0
Armour         | 1 2 3 4 5 |  5.2
Spellcasting   | 1 2 3 |  3.0
Conjurations   | 1 3 4 |  4.0
Hexes          | 1 3 4 |  4.0
Fire Magic     | 1 3 |  3.0
Transmutations | 3 |  3.7
Ice Magic      | 2 |  2.5
Throwing       | |  1.7
Dodging        | |  2.6

Action                   |  1- 3 |  4- 6 |  7- 9 | 10-12 || total
-------------------------+-------+-------+-------+-------++-------
Melee: Unarmed           |    49 |       |    52 |    50 ||   151
       Punch             |     4 |     1 |    19 |     4 ||    28
       Whip              |    44 |   105 |   266 |    74 ||   489
       Mace              |       |       |    13 |       ||    13
 Fire: Hunting sling     |       |    36 |    95 |    50 ||   181
Throw: Dart              |       |     3 |       |       ||     3
       Throwing net      |       |     1 |       |       ||     1
 Cast: Dazzling Flash    |       |       |     8 |     2 ||    10
       Inner Flame       |       |       |    19 |    41 ||    60
  Use: Scroll            |     4 |       |     7 |     8 ||    19
       Potion            |       |       |       |     7 ||     7
 Stab: Sleeping          |     3 |     1 |     5 |     1 ||    10
       Invisible         |       |       |     1 |     1 ||     2
Armor: Leather armour    |    22 |    24 |       |    17 ||    63
       Troll leather arm |       |    13 |   105 |    60 ||   178
Dodge: Dodged            |    55 |    71 |   210 |   158 ||   494
